 Dungeon Crawl Stone Soup version 0.18.1-48-g4cf74bf (webtiles) character file.

129331 Siika the Impaler (level 16, 0/162 HPs)
             Began as a Minotaur Berserker on Aug 26, 2016.
             Was an Elder of Trog.
             Killed from afar by a guardian serpent (26 damage)
             ... with a bolt of poison
             ... on level 4 of the Snake Pit on Sept 2, 2016.
             The game lasted 03:00:43 (28186 turns).

Siika the Impaler (Minotaur Berserker)             Turns: 28186, Time: 03:00:43

Health: 0/162      AC: 21    Str: 37    XL:     16   Next: 50%
Magic:  15/15      EV: 28    Int:  8    God:    Trog [****..]
Gold:   385        SH:  0    Dex: 23    Spells: 0 memorised, 15 levels left

rFire  . . .     SeeInvis .     O - +6 glaive (protect)
rCold  + . .     Gourm    .     z - +0 chain mail {rC+}
rNeg   . . .     Faith    .     (shield currently unavailable)
rPois  .         Spirit   .     (helmet restricted)
rElec  +         Dismiss  .     j - +2 cloak of Starlight {rElec rC+ EV+4 Stlth--}
rCorr  .         Reflect  .     (no gloves)
SustAt .         Harm     .     (no boots)
MR     +....                    Q - amulet of regeneration
Stlth  ..........               E - ring "Baomem" {rElec rC- Str+4 Int+4 Dex+7}
                                F - +3 ring of slaying

@: mighty, agile, lethally poisoned (0 -> -5), exhausted, constricted, drained,
somewhat resistant to hostile enchantments, extremely unstealthy
A: retaliatory headbutt, horns 2
a: Berserk, Trog's Hand, Brothers in Arms, Burn Spellbooks, Renounce Religion


You were on level 4 of the Snake Pit.
You worshipped Trog.
Trog was greatly pleased with you.
You were not hungry.

You visited 4 branches of the dungeon, and saw 25 of its levels.
You also visited: Ice Cave and Volcano.

You collected 2362 gold pieces.
You spent 1977 gold pieces at shops.

Inventory:

Hand Weapons
 n - a +5 glaive of chopping
 O - a +6 glaive of protection (weapon)
 R - the +9 mace "Jitzinim" {flame, Stlth+}
   (You found it on level 2 of the Lair of Beasts)

   It has been specially enchanted to burn those struck by it, causing extra
   injury to most foes and up to half again as much damage against particularly
   susceptible opponents.
   It makes you more stealthy.
Missiles
 W - 4 throwing nets (quivered)
Armour
 j - the +2 cloak of Starlight (worn) {rElec rC+ EV+4 Stlth--}
   (You acquired it on level 1 of the Snake Pit)

   It affects your evasion (+4).
   It protects you from cold.
   It insulates you from electricity.
   It makes you much less stealthy.
 z - a +0 chain mail of cold resistance (worn)
 C - a +1 ring mail of poison resistance
 M - a +3 ring mail of fire resistance
Jewellery
 b - an uncursed ring of protection from cold
 k - an uncursed ring of protection from magic
 m - an uncursed ring of protection from fire
 v - an uncursed amulet of dismissal
 y - an uncursed ring of wizardry {unknown}
 E - the ring "Baomem" (right hand) {rElec rC- Str+4 Int+4 Dex+7}
   (You bought it in a shop on level 4 of the Dungeon)

   [ring of intelligence]

   It affects your strength (+4).
   It affects your intelligence (+4).
   It affects your dexterity (+7).
   It makes you vulnerable to cold.
   It insulates you from electricity.
 F - a +3 ring of slaying (left hand)
 G - a +5 ring of intelligence
 Q - an amulet of regeneration (around neck)
Wands
 a - a wand of paralysis (10/24)
 r - a wand of confusion (31/48)
 t - a wand of slowing (29/48)
 B - a wand of polymorph (12/24)
 L - a wand of lightning (3/15)
 P - a wand of iceblast (8/15)
 T - a wand of flame (27/48)
Scrolls
 d - 10 scrolls of remove curse
 g - 15 scrolls of identify
 h - 5 scrolls of enchant armour
 i - 2 scrolls of magic mapping
 p - 3 scrolls of immolation
 w - 3 scrolls of recharging
Potions
 e - 4 potions of brilliance
 q - 6 potions of lignification
 s - a potion of cancellation
 x - 4 potions of might
 A - 4 potions of berserk rage
 D - a potion of resistance
 J - 6 potions of curing
 Y - a potion of flight
Books
 H - a book of the Warp

   Spells                             Type                      Level
   a - Recall                         Summoning/Translocation      3
   b - Gell's Gravitas                Hexes/Translocation          3
   c - Force Lance                    Conjuration/Translocation    4
   d - Warp Weapon                    Charms/Translocation         5
   e - Summon Forest                  Summoning/Translocation      5
   Trog disapproves of the use of such an item.
 N - a book of Callings

   Spells                             Type                      Level
   a - Summon Small Mammal            Summoning                    1
   b - Call Imp                       Summoning                    2
   c - Call Canine Familiar           Summoning                    3
   d - Summon Guardian Golem          Hexes/Summoning              3
   e - Summon Lightning Spire         Summoning/Air                4
   f - Summon Ice Beast               Ice/Summoning                4
   Trog disapproves of the use of such an item.
Miscellaneous
 S - a legendary deck of summoning {the Dance}
Comestibles
 c - 3 bread rations
 l - 3 meat rations
 u - 3 beef jerkies
 I - 5 chunks of flesh
 K - 13 fruits


   Skills:
 * Level 19.7(19.3) Fighting
 * Level 19.8(19.5) Polearms
 + Level 14.2(13.9) Armour
 + Level 13.4(13.1) Dodging


You had 15 spell levels left.
You didn't know any spells.

Dungeon Overview and Level Annotations

Branches:
Dungeon (11/15)            Temple (0/1) D:6            Lair (8/8) D:9
 Shoals (0/4) Lair:3        Snake (4/4) Lair:4        Slime (0/6) Lair:8
    Orc (2/2) D:11            Elf (0/3) Orc:2

Altars:
Elyvilon
Okawaru
Sif Muna
Xom
Yredelemnul
Zin
Jiyva

Shops:
D:4 =   D:11 *   Orc:2 *[*(=


Innate Abilities, Weirdness & Mutations

You reflexively headbutt those who attack you in melee.
You have a pair of horns on your head.


Message History

The greater naga constricts you. The naga hits you but does no damage.
You feel drained.
You barely miss the naga mage. You headbutt the naga mage!
The naga mage is moderately wounded.
You feel sick. The naga mage spits poison at you.
The splash of poison misses you. The naga warrior completely misses you.
The greater naga hits you but does no damage.
The greater naga constricts you.
The naga warrior hits you but does no damage.
You barely miss the naga mage. You headbutt the naga mage!
The naga mage is heavily wounded.
Your skin stops crawling.
You feel less resistant to hostile enchantments.
The naga mage completely misses you. You furiously retaliate!
You headbutt the naga mage.
The guardian serpent casts a spell at you.
The bolt of poison hits the naga mage.
The bolt of poison hits you!
You are more poisoned.
You die...

(.#%#..........).+...............
..#%#............#...............
..#.#............#...............
..#.#........[...#.#######.......
###.#............#.# #.......
....#............#.# #.......
....#............#.# #.......
....##############.+ #.......
...... ......N@N.# #......#
....... ......NNN.# #......#
.........#########S###+###.....##
......... #.§N..........#
......... #N§.....#####.# ###.
#......## ### ## #....### .##
#....## ..# #.....#


You could see 2 naga warriors, a greater naga, a guardian serpent, a naga mage
and a naga.

Vanquished Creatures
  Rupert (Lair:6)
  An Ice Fiend (IceCv)
  2 greater nagas
  Donald (Snake:1)
  An orc warlord (Orc:2)
  Aizul (Snake:1)
  The ghost of Mellonil the Grappler, a journeyman TrMo of the Shining One (IceCv)
  Harold (Lair:3)
  Fannar (D:11)
  12 hydras
  8 naga warriors
  9 anacondas
  A centaur warrior (Volcano)
  Erolcha (D:11)
  3 death yaks
  4 orc high priests (Orc:2)
  9 shock serpents
  7 naga sharpshooters
  Sonja (Orc:2)
  2 salamander mystics
  2 sea snakes (Snake:4)
  A giant orange brain (shapeshifter) (Lair:4)
  2 naga ritualists
  An unseen horror (D:10)
  3 hill giants
  Pikel (D:7)
  3 orc knights (Orc:2)
  3 orc sorcerers (Orc:2)
  5 mana vipers
  The ghost of Tagedieb the Covert, a novice SpEn of Dithmenos (D:8)
  12 salamanders
  4 griffons
  A manticore (D:11)
  33 elephants
  4 ice statues
  3 guardian serpents
  9 naga magi
  29 black mambas
  11 spiny frogs
  2 yaktaurs (Volcano)
  An anaconda simulacrum (IceCv)
  2 rime drakes
  7 komodo dragons
  11 ice devils (IceCv)
  The ghost of Avecon the Skirmisher, an amateur MiBe of Trog (D:4)
  A polar bear (Lair:3)
  2 trolls (D:11)
  A jumping spider (shapeshifter) (Lair:6)
  A two-headed ogre (shapeshifter) (Lair:6)
  20 blink frogs
  A boulder beetle (Lair:6)
  Sigmund (D:6)
  2 dire elephant simulacra (IceCv)
  26 yaks
  A wyvern (D:9)
  10 hippogriffs
  Grum (D:8)
  2 steam dragons
  4 basilisks
  A warg (Orc:1)
  10 ogres
  2 harpy simulacra (IceCv)
  2 hydra simulacra (IceCv)
  2 iron troll simulacra (IceCv)
  22 nagas
  Duvessa (D:7)
  16 water moccasins
  11 porcupines
  5 ice beasts
  20 orc warriors
  2 phantoms
  A slave (D:7)
  An ettin simulacrum (IceCv)
  3 sky beasts
  A necrophage (D:11)
  13 centaurs
  7 wolves
  18 crocodiles
  8 big kobolds
  21 giant frogs
  3 gnoll sergeants (D:11)
  Dowan (D:7)
  5 scorpions
  6 killer bees
  4 wights (D:6)
  3 electric eels
  8 howler monkeys
  3 crimson imps (D:7)
  A centaur zombie (D:8)
  A giant frog zombie (D:8)
  A jelly (D:6)
  A quasit (D:8)
  15 orc priests
  Crazy Yiuf (D:7)
  8 hounds
  16 orc wizards
  A giant frog skeleton (D:4)
  6 iguanas
  Natasha (thrice) (D:3)
  7 worker ants
  3 sheep
  2 hound skeletons
  A worker ant zombie (D:6)
  2 gnolls
  74 river rats
  7 adders
  4 shadow imps
  An ooze (D:4)
  2 worms (D:4)
  3 dart slugs
  6 giant geckos
  64 orcs
  4 ball pythons
  5 bats
  6 giant cockroaches
  13 hobgoblins
  11 jackals
  6 quokkas
  2 giant newts (D:2)
  11 goblins
  24 kobolds
  A quokka skeleton (D:5)
  7 rats
  A butterfly (Lair:5)
  A fungus (Lair:8)
  2 plants
816 creatures vanquished.

Vanquished Creatures (collateral kills)
  Nergalle (D:10)
  A big kobold (D:11)
2 creatures vanquished.

Vanquished Creatures (others)
  A yaktaur (Volcano)
  A water moccasin (Lair:8)
  A slave (D:7)
  2 fungi (Lair:8)
  4 plants (Lair:8)
9 creatures vanquished.

Grand Total: 827 creatures vanquished

Notes
Turn   | Place    | Note
--------------------------------------------------------------
     0 | D:1      | Siika the Minotaur Berserker began the quest for the Orb.
     0 | D:1      | Reached XP level 1. HP: 19/19 MP: 0/0
     3 | D:1      | Noticed a minotaur
     3 | D:1      | Noticed a vampire
     5 | D:1      | Noticed a tengu
     7 | D:1      | Noticed an octopode
     7 | D:1      | Noticed a felid
     9 | D:1      | Noticed a vine stalker
     9 | D:1      | Noticed a ghoul
    11 | D:1      | Noticed an ogre
    11 | D:1      | Noticed an elf
    13 | D:1      | Noticed a demonspawn
    13 | D:1      | Noticed a gargoyle
    15 | D:1      | Noticed a dwarf
    17 | D:1      | Noticed a human
    17 | D:1      | Noticed a draconian
    19 | D:1      | Noticed a demigod
    19 | D:1      | Noticed a formicid
    21 | D:1      | Noticed a troll
    21 | D:1      | Noticed a halfling
    23 | D:1      | Noticed a merfolk
    23 | D:1      | Noticed a naga
    25 | D:1      | Noticed a centaur
    27 | D:1      | Noticed a spriggan
   173 | D:1      | Reached XP level 2. HP: 18/27 MP: 1/1
   936 | D:2      | Reached XP level 3. HP: 33/33 MP: 2/2
   964 | D:2      | Reached ** piety under Trog
  1544 | D:3      | Reached XP level 4. HP: 40/41 MP: 3/3
  1851 | D:3      | Noticed Natasha
  1856 | D:3      | Killed Natasha
  1856 | D:3      | Reached *** piety under Trog
  1856 | D:3      | Reached skill level 5 in Fighting
  1856 | D:3      | Reached skill level 5 in Polearms
  1873 | D:3      | Noticed Natasha
  1877 | D:3      | Killed Natasha
  1877 | D:3      | Reached XP level 5. HP: 48/48 MP: 4/4
  1930 | D:3      | Noticed Natasha
  1940 | D:3      | Killed Natasha
  2377 | D:4      | Found Lauloif's Jewellery Shop.
  2680 | D:4      | Reached XP level 6. HP: 49/56 MP: 5/5
  2726 | D:4      | Noticed Avecon's ghost (amateur MiBe)
  2740 | D:4      | Killed Avecon's ghost
  3018 | D:4      | Found a glowing silver altar of Zin.
  3548 | D:5      | Entered Level 5 of the Dungeon
  3554 | D:5      | Reached XP level 7. HP: 56/64 MP: 6/6
  3675 | D:5      | Found a shimmering altar of Xom.
  3676 | D:5      | Found a basalt altar of Yredelemnul.
  4227 | D:5      | Found an iron altar of Okawaru.
  4571 | D:6      | Found a staircase to the Ecumenical Temple.
  4603 | D:6      | Reached XP level 8. HP: 70/73 MP: 7/7
  4611 | D:6      | Reached skill level 5 in Armour
  4725 | D:6      | Noticed Sigmund
  4761 | D:6      | Killed Sigmund
  4761 | D:6      | Reached skill level 5 in Dodging
  5081 | D:6      | Found a deep blue altar of Sif Muna.
  5292 | D:7      | Noticed Duvessa
  5292 | D:7      | Noticed Dowan
  5298 | D:7      | Killed Duvessa
  5305 | D:7      | Killed Dowan
  5305 | D:7      | Reached **** piety under Trog
  5318 | D:7      | Reached XP level 9. HP: 79/83 MP: 8/8
  5416 | D:7      | Noticed Pikel
  5423 | D:7      | Killed Pikel
  5477 | D:7      | Got a twisted rapier
  5481 | D:7      | Identified the +9 rapier of Ambiguity {holy, rN+ MP+9 Str-4} (You found it on level 7 of the Dungeon)
  5513 | D:7      | Noticed Crazy Yiuf
  5519 | D:7      | Killed Crazy Yiuf
  5635 | D:7      | Reached skill level 10 in Polearms
  5952 | D:8      | Noticed Grum
  5956 | D:8      | Reached skill level 10 in Fighting
  5965 | D:8      | Killed Grum
  6240 | D:8      | Noticed Tagedieb's ghost (novice SpEn)
  6257 | D:8      | Killed Tagedieb's ghost
  6257 | D:8      | Reached XP level 10. HP: 60/94 MP: 9/9
  6756 | D:9      | Found a staircase to the Lair.
  7640 | D:9      | Found a white marble altar of Elyvilon.
  7805 | D:10     | Entered Level 10 of the Dungeon
  7930 | D:10     | Noticed a hill giant
  7943 | D:10     | Killed a hill giant
  7943 | D:10     | Reached ***** piety under Trog
  8475 | D:10     | Noticed a hill giant
  8493 | D:10     | Killed a hill giant
  8493 | D:10     | Reached XP level 11. HP: 51/104 MP: 10/10
  9197 | D:10     | Noticed Nergalle
  9203 | D:10     | Killed Nergalle
  9509 | D:11     | Noticed a hill giant
  9515 | D:11     | Killed a hill giant
  9549 | D:11     | Noticed Erolcha
  9556 | D:11     | Killed Erolcha
  9652 | D:11     | Noticed Fannar
  9666 | D:11     | Killed Fannar
  9737 | D:11     | Found Goax's Assorted Antiques.
  9746 | D:11     | Bought a dented emerald amulet for 110 gold pieces
 10060 | D:11     | Found a staircase to the Orcish Mines.
 10635 | D:10     | Killed an unseen horror
 10783 | Lair:1   | Entered Level 1 of the Lair of Beasts
 11018 | Lair:1   | Noticed a five-headed hydra
 11027 | Lair:1   | Killed a five-headed hydra
 11660 | Lair:2   | Reached XP level 12. HP: 103/116 MP: 11/11
 11675 | Lair:2   | Got a crude mace
 11676 | Lair:2   | Identified the +9 mace "Jitzinim" {flame, Stlth+} (You found it on level 2 of the Lair of Beasts)
 11718 | Lair:2   | Noticed a seven-headed hydra
 11724 | Lair:2   | Killed a seven-headed hydra
 11843 | Lair:2   | Received a gift from Trog
 12477 | Lair:3   | Found a staircase to the Shoals.
 12704 | Lair:3   | Reached skill level 10 in Armour
 12908 | Lair:3   | Noticed Harold
 12923 | Lair:3   | Killed Harold
 13542 | Lair:4   | Found a staircase to the Snake Pit.
 13571 | Lair:4   | Reached skill level 15 in Fighting
 13582 | Lair:4   | Reached skill level 15 in Polearms
 13582 | Lair:4   | Reached skill level 10 in Dodging
 13626 | Lair:4   | Found a dark tunnel.
 13644 | Volcano  | Entered a volcano
 13752 | Volcano  | Noticed a centaur warrior
 13772 | Volcano  | Killed a centaur warrior
 13952 | Lair:4   | Reached XP level 13. HP: 113/126 MP: 12/12
 16123 | Lair:6   | Received a gift from Trog
 16409 | Lair:6   | Noticed Rupert
 16424 | Lair:6   | Killed Rupert
 17305 | Lair:7   | Reached XP level 14. HP: 115/138 MP: 13/13
 17768 | Lair:7   | Found an iron altar of Okawaru.
 18314 | Lair:8   | Entered Level 8 of the Lair of Beasts
 18347 | Lair:8   | Received a gift from Trog
 19023 | Lair:8   | Found a viscous altar of Jiyva.
 19023 | Lair:8   | Found a staircase to the Slime Pits.
 19202 | Lair:8   | Received a gift from Trog
 19645 | Snake:1  | Entered Level 1 of the Snake Pit
 19742 | Snake:1  | Noticed Aizul
 19763 | Snake:1  | Killed Aizul
 20110 | Snake:1  | Identified a scroll of acquirement
 20136 | Snake:1  | Reached XP level 15. HP: 143/149 MP: 14/14
 20449 | Orc:1    | Entered Level 1 of the Orcish Mines
 20570 | Orc:2    | Entered Level 2 of the Orcish Mines
 20728 | Orc:2    | Found a staircase to the Elven Halls.
 20730 | Orc:2    | Found Girror's Assorted Antiques.
 20920 | Orc:2    | Noticed an orc warlord
 20958 | Orc:2    | Killed an orc warlord
 21158 | Orc:2    | Noticed Sonja
 21339 | Orc:2    | Killed Sonja
 21644 | Orc:2    | Found Ruipy's General Store.
 21645 | Orc:2    | Found Xuwasyunn's Jewellery Boutique.
 21646 | Orc:2    | Found Xoxis's Antique Armour Shop.
 21646 | Orc:2    | Found Unlew's Antique Weapon Shop.
 21688 | Orc:2    | Bought an ichor-stained scale mail for 189 gold pieces
 21689 | Orc:2    | Bought a transparent spear for 240 gold pieces
 21692 | Orc:2    | Identified the +3 spear of the Exiled Gods {antimagic, rC+} (You bought it in a shop on level 2 of the Orcish Mines)
 21705 | Orc:2    | Identified the +4 scale mail of Xeor {*Confuse +Blink rC+ Str+7} (You bought it in a shop on level 2 of the Orcish Mines)
 21723 | Orc:2    | Bought a +3 ring of slaying for 810 gold pieces
 22287 | Snake:1  | Noticed Donald
 22294 | Snake:1  | Killed Donald
 22789 | Snake:2  | Found a frozen archway.
 22837 | IceCv    | Entered an ice cave
 22853 | IceCv    | Noticed Mellonil's ghost (journeyman TrMo)
 22865 | IceCv    | Killed Mellonil's ghost
 23172 | IceCv    | Noticed an Ice Fiend
 23499 | IceCv    | Killed an Ice Fiend
 24720 | Snake:2  | Noticed a greater naga
 24727 | Snake:2  | Killed a greater naga
 24727 | Snake:2  | Reached XP level 16. HP: 132/160 MP: 15/15
 26918 | Snake:4  | Entered Level 4 of the Snake Pit
 27405 | D:4      | Bought the ring "Baomem" {rElec rC- Str+4 Int+4 Dex+7} for 628 gold pieces
 28175 | Snake:4  | HP: 6/162 [greater naga/club (5)]
 28186 | Snake:4  | Killed from afar by a guardian serpent

Skill      XL: |  1  2  3  4  5  6  7  8  9 10 11 12 13 14 15 16 |
---------------+-------------------------------------------------+-----
Fighting       | 4 5 6 7 9 10 12 13 15 16 17 19 | 19.7
Polearms       | 4 5 6 7 9 11 12 13 15 16 18 19 | 19.8
Dodging        | 3 4 5 6 7 9 10 11 12 13 | 13.4
Armour         | 3 4 5 7 8 9 10 11 12 13 14 | 14.2

Action                   |  1- 3 |  4- 6 |  7- 9 | 10-12 | 13-15 | 16-18 || total
-------------------------+-------+-------+-------+-------+-------+-------++-------
Melee: Spear             |   104 |       |       |     9 |       |       ||   113
       Headbutt          |    13 |    10 |    39 |   135 |   220 |    39 ||   456
       Trident           |    16 |   105 |   191 |       |       |       ||   312
       Quarterstaff      |       |       |    78 |   587 |   200 |       ||   865
       Halberd           |       |       |       |       |   174 |       ||   174
       Glaive            |       |       |       |       |   734 |   169 ||   903
Invok: Berserk           |     1 |     3 |    10 |    19 |    41 |     6 ||    80
       Trog's Hand       |       |     2 |     4 |    13 |    41 |    10 ||    70
       Burn Spellbooks   |       |     1 |       |       |     1 |       ||     2
       Brothers in Arms  |       |       |       |     2 |     1 |     2 ||     5
  Use: Scroll            |     5 |     3 |     5 |    13 |    19 |     2 ||    47
       Potion            |     3 |     5 |     2 |     4 |     8 |     5 ||    27
 Stab: Paralysed         |       |       |       |     2 |       |       ||     2
       Confused          |       |       |       |     1 |       |       ||     1
       Petrifying        |       |       |       |     1 |       |       ||     1
  Eat: Chunk             |     4 |     6 |     8 |    26 |    25 |     4 ||    73
       Bread ration      |       |     1 |     1 |     5 |     2 |     3 ||    12
       Meat ration       |       |       |     1 |       |     7 |       ||     8
       Beef jerky        |       |       |       |       |     2 |       ||     2
       Pizza             |       |       |       |       |     1 |       ||     1
       Royal jelly       |       |       |       |       |     2 |     1 ||     3
       Fruit             |       |       |       |       |     6 |     2 ||     8
Armor: Animal skin       |     4 |       |       |       |       |       ||     4
       Ring mail         |    16 |    19 |    77 |   214 |   223 |       ||   549
       Chain mail        |       |       |       |       |    49 |    55 ||   104
       Skin              |       |       |       |       |     2 |       ||     2
Dodge: Dodged            |    44 |    34 |   175 |   423 |   736 |   123 ||  1535
